AoeStats
← Housed, M.D.

Arabia

510565018Analyzed
1v1 RM · 10h ago on Oct 1, 2026· 45m 38s· 2 players
Game mode
Random Map
Map size
Tiny (2 player)
Population
200
Speed
Normal
Resources
Standard
Victory
Conquest
Starting age
Dark Age
Ending age
Imperial Age
RankedLock teamsTeams togetherTeam positionsShared explorationLock speedFull tech treeHidden civsTurbo modeCheats
Victory
Defeat
🇨🇿 Vikings · Czechia
987
+17
🇨🇿 Berbers · Czechia
1000
-51
NIMROVEC
6:47 Loom
9:42 Feudal Age
10:33 Double-Bit Axe
12:49 Horse Collar
19:24 Castle Age
18:12 Fletching
18:00 Man-at-Arms
19:13 Gold Mining
19:14 Stone Mining
22:13 Bow Saw
23:09 Squires
23:50 Pikeman
24:37 Town Watch
25:21 Bodkin Arrow
25:27 Padded Archer Armor
25:28 Scale Mail Armor
25:38 Forging
29:05 Heavy Plow
29:59 Arson
31:05 Leather Archer Armor
30:55 Scale Barding Armor
31:06 Chain Mail Armor
30:21 Light Cavalry
35:54 Imperial Age
34:59 Elite Skirmisher
35:49 Long Swordsman
38:13 Ballistics
38:24 Elite Varangian Guard
39:18 Bracer
39:49 Ring Archer Armor
39:50 Plate Mail Armor
41:20 Crop Rotation
42:37 Iron Casting
42:49 Chieftains
43:10 Conscription
42:18 Elite Berserk
44:59 Gold Shaft Mining
Housed, M.D.
3:34 Loom
10:48 Feudal Age
11:07 Feudal Age
13:55 Double-Bit Axe
16:10 Scale Barding Armor
16:14 Horse Collar
18:35 Bloodlines
23:15 Castle Age
21:46 Forging
21:29 Fletching
22:38 Stone Mining
22:59 Padded Archer Armor
24:12 Husbandry
26:52 Bow Saw
26:43 Town Watch
29:11 Gold Mining
29:41 Bodkin Arrow
31:52 Gold Shaft Mining
35:14 Ballistics
39:12 Imperial Age
39:18 Cavalier
41:07 Wheelbarrow
40:35 Town Patrol
42:05 Leather Archer Armor
41:50 Bracer
42:46 Stone Shaft Mining
42:23 Elite Camel Archer
Connection lost

Rejoining the realm…

Still unreachable

The connection could not be restored.

Session expired

The server has moved on; the page needs a fresh start.